 Dungeon Crawl Stone Soup version 0.25.1-2-g60ff931df9 (webtiles) character file.

Game seed: 9589242619567508692

4262 lorenzova the Thaumaturge (level 10, -6/50 HPs)
             Began as a Deep Elf Conjurer on Sept 16, 2020.
             Was an Initiate of Vehumet.
             Mangled by a hornet (8 damage)
             ... while paralysed by a hornet
             ... on level 8 of the Dungeon.
             The game lasted 00:17:46 (9433 turns).

lorenzova the Thaumaturge (Deep Elf Conjurer)       Turns: 9433, Time: 00:17:47

Health: -6/50      AC:  6    Str: 11    XL:     10   Next: 10%
Magic:  22/29      EV:  2    Int: 30    God:    Vehumet [......]
Gold:   341        SH:  0    Dex: 19    Spells: 24/35 levels left

rFire    . . .     SeeInvis .   w - +4 short sword (freeze)
rCold    . . .     Gourm    .   (no shield)
rNeg     . . .     Faith    .   y - +2 robe of the Ego {Dex+4}
rPois    .         Spirit   .   (no helmet)
rElec    .         Reflect  .   g - +1 cloak {MR+}
rCorr    .         Harm     .   (no gloves)
MR       ++...                  (no boots)
Stlth    ++........             (no amulet)
HPRegen  0.16/turn              h - +6 ring of intelligence
MPRegen  0.21/turn              s - +6 ring of strength

@: paralysed, lethally poisoned (-6 -> -11)
A: no striking features
a: Renounce Religion


You were on level 8 of the Dungeon.
You worshipped Vehumet.
Vehumet was noncommittal.
You were not hungry.

You visited 2 branches of the dungeon, and saw 9 of its levels.

You collected 341 gold pieces.

Inventory:

Hand Weapons
 w - a +4 short sword of freezing (weapon)
Armour
 a - a +0 robe
 g - a +1 cloak of magic resistance (worn)
 y - the +2 robe of the Ego (worn) {Dex+4}
   (You found it on level 7 of the Dungeon)

   It affects your dexterity (+4).
Jewellery
 h - a +6 ring of intelligence (left hand)
 s - a +6 ring of strength (right hand)
Wands
 j - a wand of enslavement (5)
Scrolls
 b - 2 scrolls of magic mapping
 l - 3 scrolls of random uselessness
 o - 4 scrolls of teleportation
 p - a scroll of blinking {unknown}
 x - a scroll of identify
 z - a scroll of fear {unknown}
 A - a scroll of enchant weapon {unknown}
 B - a scroll of immolation {unknown}
Potions
 d - 6 potions of mutation
 e - 3 potions of flight {unknown}
 f - 6 potions of curing
 i - a potion of degeneration {unknown}
 k - 2 potions of heal wounds {unknown}
 m - 2 potions of brilliance {unknown}
 n - 2 potions of lignification {unknown}
 q - 4 potions of resistance
 r - 3 potions of berserk rage {unknown}
 t - a potion of might {unknown}
 u - a potion of haste
 v - 2 potions of magic {unknown}
Comestibles
 c - 12 rations


   Skills:
 - Level 2.4 Dodging
 - Level 2.4 Stealth
 + Level 13.3 Spellcasting
 + Level 11.9 Conjurations


You had 24 spell levels left.
You knew the following spells:

 Your Spells              Type           Power        Failure   Level  Hunger
a - Magic Dart            Conj           ####         1%          1    None
c - Iskenderun's Mystic   Conj/Tloc      ######..     2%          4    None
d - Fulminant Prism       Conj/Hex       ######....   2%          4    None
z - Searing Ray           Conj           ######       1%          2    None

Your spell library contained the following spells:

 Spells                   Type           Power        Failure   Level  Hunger
 Foxfire                  Conj/Fire      ####         1%          1    None
 Dazzling Flash           Conj/Hex       ######       1%          3    None
 Animate Skeleton         Necr           N/A          2%          1    None
 Apportation              Tloc           ###...       2%          1    None
 Sandblast                Erth           ###...       2%          1    None


Dungeon Overview and Level Annotations

Branches:
Dungeon (8/15)             Temple (1/1) D:6
   Lair: D:8-11

Altars:
Ashenzari
Dithmenos
Elyvilon
Gozag
Hepliaklqana
Kikubaaqudgha
Makhleb
Nemelex Xobeh
Okawaru
Qazlal
Ru
Sif Muna
Trog
Uskayaw
Vehumet
Wu Jian
Xom
Zin
The Shining One

Annotations:
D:3 2 transporters, bouboulover83's ghost, amateur HuNe
D:8 3 runed translucent doors, Tosny's ghost, novice MiBe


Message History

Confirm with . or Enter, or press ? or * to list all spells.
Aiming: Searing Ray (safe; 1% risk of failure)
Press: ? - help, Shift-Dir - straight line, f - hornet
Aim: a hornet The searing ray hits the hornet!
The hornet is heavily wounded. (Press . to maintain the ray.)
The hornet closely misses you. The hornet barely misses you. x2
The searing ray misses the hornet.
You feel yourself speed up. The hornet stings you!
You suddenly lose the ability to move!
The hornet stings you!
You shrug off the repeated paralysis!
The hornet stings you!!
* * * LOW HITPOINT WARNING * * *
You are lethally poisoned!
You feel yourself slow down.
You feel yourself speed up.
* * * LOW HITPOINT WARNING * * *
You feel sick. The hornet stings you!
You die...

####### ##.....##
#....#..# #.###.###
#.# #.##
##########.##.#@#
#..........#.#y#####
##..........##y#
#..# ............#.#
##.# ##....>.....##
#.# ##..........#
#.# ##..........#
#.# ##..........#
#.# ########.##.#
#.#


You could see 2 hornets.

Vanquished Creatures
  Pikel (D:7)
  Sigmund (D:2)
  A soldier ant (D:8)
  A necrophage (D:7)
  Duvessa (D:6)
  A sky beast (D:7)
  4 slaves (D:7)
  2 ice beasts
  An orc warrior (D:7)
  A black bear (D:7)
  3 ogres
  A phantom (D:7)
  A centaur (D:7)
  4 bullfrogs
  A gnoll sergeant (D:6)
  2 scorpions
  Dowan (D:6)
  5 killer bees (D:7)
  9 howler monkeys
  6 wights (D:6)
  A bullfrog zombie (D:8)
  A centaur zombie (D:8)
  2 crimson imps
  4 jellies
  An orc priest (D:3)
  4 hounds
  Crazy Yiuf (D:2)
  2 bullfrog skeletons
  4 orc wizards
  A gnoll shaman (D:4)
  4 iguanas
  Natasha (twice) (D:3)
  4 worker ants
  A howler monkey skeleton (D:5)
  12 gnolls
  8 adders
  2 shadow imps
  An adder skeleton (D:4)
  An adder zombie (D:8)
  5 worms
  A dart slug (D:1)
  3 leopard geckos
  20 orcs
  6 giant cockroaches
  6 hobgoblins
  13 jackals
  3 quokkas
  3 ball pythons (D:2)
  10 bats
  3 frilled lizards
  7 goblins
  7 kobolds
  7 rats
197 creatures vanquished.

Notes
Turn   | Place    | Note
-------+----------+-------------------------------------------
     0 | D:1      | lorenzova the Deep Elf Conjurer began the quest for the
                  | Orb.
     0 | D:1      | Reached XP level 1. HP: 10/10 MP: 6/6
   142 | D:1      | Reached XP level 2. HP: 15/15 MP: 2/8
   146 | D:1      | Learned a level 2 spell: Searing Ray
   866 | D:2      | Reached skill level 4 in Spellcasting
   913 | D:2      | Reached XP level 3. HP: 19/19 MP: 8/10
   937 | D:2      | Reached skill level 5 in Conjurations
   947 | D:2      | Found a bloodstained altar of Trog.
  1613 | D:2      | Found a runed translucent door.
  1614 | D:2      | Noticed Crazy Yiuf
  1769 | D:2      | Reached XP level 4. HP: 24/24 MP: 9/12
  1929 | D:2      | Noticed Sigmund
  2132 | D:2      | Killed Sigmund
  2132 | D:2      | Reached skill level 6 in Spellcasting
  2132 | D:2      | Reached XP level 5. HP: 20/28 MP: 4/15
  2292 | D:2      | Killed Crazy Yiuf
  2292 | D:2      | Reached XP level 6. HP: 21/32 MP: 9/17
  3026 | D:3      | Reached skill level 7 in Spellcasting
  3082 | D:3      | Found a transporter.
  3086 | D:3      | Noticed bouboulover83's ghost (amateur HuNe)
  3135 | D:3      | Found a transporter.
  3355 | D:3      | Found an ancient bone altar of Kikubaaqudgha.
  3524 | D:3      | Noticed Natasha
  3531 | D:3      | Killed Natasha
  3586 | D:3      | Noticed Natasha
  3590 | D:3      | Killed Natasha
  3590 | D:3      | Reached XP level 7. HP: 27/36 MP: 14/20
  3894 | D:4      | Reached skill level 8 in Spellcasting
  4127 | D:4      | Identified First Steps in Thaumaturgy
  4785 | D:4      | Found a shattered altar of Ashenzari.
  4880 | D:5      | Entered Level 5 of the Dungeon
  4892 | D:5      | Reached skill level 9 in Spellcasting
  4952 | D:5      | Reached XP level 8. HP: 41/41 MP: 18/23
  5006 | D:5      | Learned a level 4 spell: Iskenderun's Mystic Blast
  5011 | D:5      | Learned a level 4 spell: Fulminant Prism
  5163 | D:5      | Found an opulent altar of Gozag.
  5722 | D:5      | Found a burning altar of Makhleb.
  6109 | D:6      | Reached skill level 10 in Spellcasting
  6224 | D:6      | Found a stormy altar of Qazlal.
  6225 | D:6      | Found a shadowy altar of Dithmenos.
  6297 | D:6      | Noticed Dowan
  6314 | D:6      | Killed Dowan
  6447 | D:6      | Noticed Duvessa
  6582 | D:6      | Found a shimmering altar of Xom.
  6815 | D:6      | Reached skill level 11 in Spellcasting
  6815 | D:6      | Reached skill level 10 in Conjurations
  6822 | D:6      | Killed Duvessa
  6822 | D:6      | Reached XP level 9. HP: 45/45 MP: 15/26
  6952 | D:6      | Found a staircase to the Ecumenical Temple.
  7002 | D:6      | Noticed Pikel
  7206 | D:7      | Got a fabulously ornate robe
  7223 | D:6      | Identified the +2 robe of the Ego {Dex+4} (You found it on
                  | level 7 of the Dungeon)
  7607 | D:7      | Reached skill level 12 in Spellcasting
  8301 | D:7      | Killed Pikel
  8301 | D:7      | Reached skill level 13 in Spellcasting
  8545 | Temple   | Entered the Ecumenical Temple
  8576 | Temple   | Became a worshipper of Vehumet
  8736 | D:8      | Reached XP level 10. HP: 35/50 MP: 22/29
  9088 | D:8      | Found a hide-covered altar of Uskayaw.
  9312 | D:8      | Found a runed translucent gate.
  9312 | D:8      | Found a runed translucent gate.
  9313 | D:8      | Found a runed translucent gate.
  9314 | D:8      | Noticed Tosny's ghost (novice MiBe)
  9431 | D:8      | Paralysed by a hornet for 3 turns
  9433 | D:8      | HP: 2/50 [poisoned by a hornet]
  9433 | D:8      | Mangled by a hornet

Illustrated notes

Levels and vault maps discovered:
D:1:      lordsloth_arrival_two_stooges, layout_rooms, serial_aquarium,
          aquarium_bridge_square [aquarium_subvault_bridge,
          aquarium_subvault_wall, aquarium_subvault_bridge,
          aquarium_subvault_wall], aquarium_bridge_straight
          [aquarium_subvault_bridge, aquarium_subvault_wall,
          aquarium_subvault_bridge, aquarium_subvault_wall], aquarium_window_2,
          aquarium_window_fake, aquarium_window_1, aquarium_view_2e,
          aquarium_view_2c, aquarium_balcony_3a
D:2:      kennysheep_big_flooded_room, layout_basic, old_standard_altar,
          uniq_sigmund, uniq_crazy_yiuf_cottage
D:3:      layout_basic, overflow_temple_1_default, first_ration,
          gammafunk_ghost_stat_death, hangedman_decor_opposing,
          grunt_ministairs_2, uniq_natasha
D:4:      layout_gridville, kennysheep_mini
D:5:      layout_gridville, bloody_makhleb, basic_altar
D:6:      layout_loops_ring, overflow_temple_1_default,
          gammafunk_temple_overflow_statue, minmay_temple_entry_from_below_b,
          uniq_pikel, uniq_duvessa
D:7:      layout_rooms
D:8:      layout_basic, eat_drink_and_be_merry_uskayaw,
          ebering_ghost_rock_garden, hangedman_pestilent_swarm
Temple:   minmay_temple_bridge_abc

Skill      XL: |  1  2  3  4  5  6  7  8  9 |
---------------+----------------------------+-----
Spellcasting   | 4 6 7 9 11 13 | 13.3
Conjurations   | 5 6 7 8 10 11 | 11.9
Dodging        | |  2.4
Stealth        | |  2.4

Action                   |  1- 3 |  4- 6 |  7- 9 | 10-12 || total
-------------------------+-------+-------+-------+-------++-------
Melee: Short sword       |       |       |     6 |       ||     6
 Cast: Magic Dart        |    82 |    66 |   205 |    19 ||   372
       Searing Ray       |       |    10 |    57 |     7 ||    74
  Use: Scroll            |       |       |     9 |       ||     9
 Stab: Sleeping          |       |       |     2 |       ||     2
  Eat: Chunk             |     2 |     6 |    14 |       ||    22
       Ration            |       |       |       |     1 ||     1
Armor: Robe              |     2 |     2 |     7 |       ||    11
Dodge: Dodged            |     3 |     3 |    38 |     6 ||    50
